 Dungeon Crawl Stone Soup version 0.29.1-2-gbd0b4ee654 (webtiles) character file.

Game seed: 255706947295808162

26 zeram the Firebug (level 2, 0/15 HPs)
             Began as a Deep Elf Fire Elementalist on Nov 18, 2022.
             Slain by Natasha (4 damage)
             ... on level 2 of the Dungeon.
             The game lasted 00:02:27 (1052 turns).

zeram the Firebug (Deep Elf Fire Elementalist)      Turns: 1052, Time: 00:02:28

Health: 0/15       AC:  3    Str:  5    XL:     2   Next: 89%
Magic:  4/8        EV: 13    Int: 19    God:
Gold:   65         SH:  0    Dex: 15    Spells: 7/8 levels left

rFire   . . .      SeeInvis .   h - +0 dagger
rCold   . . .      Faith    .   (no shield)
rNeg    . . .      Spirit   .   a - +0 robe
rPois   .          Reflect  .   (no helmet)
rElec   .          Harm     .   d - +0 cloak
rCorr   .          Rampage  .   (no gloves)
Will    .....                   (no boots)
Stlth   ++........              (no amulet)
HPRegen 0.05/turn               (no ring)
MPRegen 0.11/turn               (no ring)

@: brilliant, very slightly contaminated
A: no striking features
a: no special abilities


You were on level 2 of the Dungeon.
You visited 1 branch of the dungeon, and saw 2 of its levels.

You collected 65 gold pieces.

Inventory:

Hand Weapons
 h - a +0 dagger (weapon)
Armour
 a - a +0 robe (worn)
 d - a +0 cloak (worn)
Scrolls
 e - a scroll of amnesia {unknown}
 g - a scroll of enchant weapon {unknown}
Potions
 b - a potion of magic
 c - a potion of brilliance
 f - a potion of degeneration {unknown}
 i - 2 potions of curing {unknown}
 j - a potion of resistance {unknown}


   Skills:
 + Level 2.7 Dodging
 - Level 2.4 Stealth
 + Level 3.6 Spellcasting
 + Level 1.4 Conjurations
 + Level 3.9 Fire Magic


You had 7 spell levels left.
You knew the following spells:

 Your Spells              Type           Power      Damage    Failure   Level
a - Foxfire               Conj/Fire      80%        2x1d8     4%          1

Your spell library contained the following spells:

 Spells                   Type           Power      Damage    Failure   Level
 Scorch                   Fire           54%        2d7       4%          2
 Conjure Flame            Conj/Fire      20%        6-21      14%         3
 Inner Flame              Hex/Fire       16%        N/A       19%         3
 Flame Wave               Conj/Fire      20%        2d7       43%         4


Dungeon Overview and Level Annotations

Branches:
Dungeon (2/15)

Altars:

Annotations:
D:2 Natasha


Message History

You kill the kobold!
Casting: Foxfire (safe; 4% risk of failure)
Confirm with . or Enter, or press ? or * to list all spells.
You conjure some foxfire!
You hit the rat.
The rat is severely wounded.
The foxfire hits the rat.
You kill the rat!
The foxfire hits Natasha.
Natasha is moderately wounded.
Natasha stares at you and mumbles some strange words.
The magic dart hits you.
Casting: Foxfire (safe; 4% risk of failure)
Confirm with . or Enter, or press ? or * to list all spells.
You miscast Foxfire.
You are very lightly contaminated with residual magic.
Nothing appears to happen.
Casting: Foxfire (safe; 4% risk of failure)
Confirm with . or Enter, or press ? or * to list all spells.
You conjure some foxfire!
Natasha barely misses you.
You hit Natasha but do no damage.
Natasha is moderately wounded.
The foxfire hits Natasha.
Natasha is heavily wounded.
The foxfire hits Natasha.
Natasha is severely wounded.
Natasha claws you.
Casting: Foxfire (safe; 4% risk of failure)
Confirm with . or Enter, or press ? or * to list all spells.
You conjure some foxfire!
Natasha claws you.
* * * LOW HITPOINT WARNING * * *
Unknown command.
The foxfire hits Natasha but does no damage.
Natasha is heavily wounded.
The foxfire hits Natasha.
Natasha is almost dead.
It was a potion of brilliance.
You feel clever all of a sudden. Natasha claws you.
You die...

÷.)###########.....##
..........# #.......#
..........# #.......#
..........# #.......#
..........# ##.....##
..........#####...##
..............##)#######
#####+
....).....###...........
...... ..........#
#..§@....... ......
..........# #...h.......
...... ..........#
####5####### #####+
..........# ...
.......[..# .....
......)..# .......
#.......# #...?...#
##.....##


You could see an iron imp (summoned) and Natasha.

Vanquished Creatures
  A worm (D:2)
  A ball python (D:2)
  4 endoplasms (D:2)
  3 hobgoblins (D:2)
  A quokka (D:2)
  A bat (D:1)
  3 frilled lizards
  3 goblins (D:2)
  2 kobolds (D:2)
  3 rats
22 creatures vanquished.

Vanquished Creatures (others)
  71 foxfires
71 creatures vanquished.

Grand Total: 93 creatures vanquished

Notes
Turn   | Place    | Note
-------+----------+-------------------------------------------
     0 | D:1      | zeram the Deep Elf Fire Elementalist began the quest for
                  | the Orb.
     0 | D:1      | Reached XP level 1. HP: 10/10 MP: 6/6
    91 | D:1      | You fall into a shaft and drop 1 floor!
   322 | D:2      | Reached XP level 2. HP: 15/15 MP: 5/8
   726 | D:2      | Found a faded altar of an unknown god.
  1042 | D:2      | Noticed Natasha
  1052 | D:2      | Slain by Natasha

Illustrated notes

Levels and vault maps discovered:
D:1:      amcnicky_arrival_abandoned_market, layout_basic
D:2:      kennysheep_six_static_rooms, layout_basic,
          shapermc_ecumenical_altar_petra, feat_on_display, uniq_natasha

Action                   || total
-------------------------++-------
Melee: Dagger            ||     3
 Cast: Foxfire           ||    41
  Use: Potion            ||     1
Armor: Robe              ||     1
Dodge: Dodged            ||     4
